Map: [EWC] Ghost River

Players

Clem - Winner!

  • Race: Terran Terran
  • Spawn Location: 1:00

Serral

  • Race: Zerg Zerg
  • Spawn Location: 11:00

Event: Esports World Cup 2024

VOD

Have the link to the VOD?

Description

Time

  • Played on: Aug. 18, 2024, 11:50 a.m.
  • Length: 11:37

All games in this series

Show
View Real Time Build Order
Export as new Build Order

Clem Terran - Winner!

Build Orders: Reaper Expand 

Get SALT Encoding   

  12  0:00  SCV  
  13  0:12  SCV  
  14  0:17  Supply Depot  
  14  0:24  SCV  
  15  0:38  SCV  
  15  0:39  Barracks  
  16  0:44  Refinery  
  16  0:50  SCV  
  17  1:02  SCV  
  18  1:14  SCV  
  19  1:27  Reaper, Orbital Command  
  20  1:38  Command Center  
  20  1:46  Supply Depot  
  20  1:52  SCV  
  21  1:58  Marine  
  22  2:04  SCV  
  23  2:09  Factory  
  23  2:17  SCV  
  23  2:22  Barracks Reactor  
  24  2:29  SCV  
  25  2:38  Command Center  
  25  2:41  SCV  
  26  2:50  Orbital Command  
  26  2:53  SCV  
  27  2:59  Barracks  
  27  3:05  Barracks Tech Lab  
  27  3:06  SCV  
  27  3:08  Hellion  
  27  3:12  Hellion  
  32  3:16  SCV  
  32  3:18  SCV  
  34  3:23  Marine, Refinery  
  34  3:26  Stimpack  
  35  3:29  SCV  
  35  3:30  SCV  
  37  3:41  Marine, SCV  
  37  3:44  SCV  
  39  3:49  Starport, Orbital Command  
  39  3:53  SCV  
  40  3:56  Marine x2, SCV, Factory Reactor  
  40  4:00  Marine  
  44  4:05  SCV  
  44  4:08  SCV  
  46  4:13  Marine  
  46  4:14  Marine  
  46  4:16  SCV  
  49  4:17  SCV  
  49  4:18  Marine  
  49  4:20  SCV  
  49  4:23  Supply Depot  
  52  4:28  SCV  
  52  4:30  SCV  
  54  4:31  Marine  
  54  4:32  Marine  
  54  4:35  SCV, Barracks  
  54  4:36  Marine  
  54  4:37  Medivac  
  60  4:38  Factory Tech Lab  
  60  4:41  SCV, Refinery  
  60  4:44  Supply Depot  
  60  4:45  SCV, Medivac  
  64  4:47  SCV  
  64  4:49  Marine, Engineering Bay  
  64  4:50  Marine, Engineering Bay  
  64  4:51  Orbital Command  
  63  4:56  Marine, Refinery  
  63  4:57  SCV  
  63  4:59  SCV  
  66  5:06  Supply Depot, Combat Shield  
  66  5:08  Supply Depot  
  66  5:09  SCV  
  66  5:10  Marine  
  66  5:13  Marine  
  69  5:17  SCV  
  69  5:18  SCV  
  72  5:21  Marine, SCV, Siege Tank  
  72  5:28  Marine, Supply Depot  
  75  5:30  Marine x2, Starport Reactor  
  75  5:31  Marine  
  78  5:36  SCV, Supply Depot  
  78  5:39  Marine  
  78  5:40  SCV  
  78  5:46  Marine, SCV  
  78  5:48  Marine x2  
  78  5:49  Marine  
  76  5:53  SCV x2  
  76  5:56  Siege Tank  
  71  5:57  Marine  
  71  5:58  SCV  
  71  6:04  Marine  
  65  6:05  SCV x2  
  65  6:06  Marine x2  
  65  6:07  Marine  
  65  6:10  SCV  
  70  6:13  Medivac  
  70  6:14  Medivac  
  70  6:15  Marine  
  70  6:17  SCV  
  73  6:21  Marine, SCV  
  73  6:23  SCV  
  73  6:24  Marine  
  72  6:26  Marine x2  
  72  6:29  SCV  
  72  6:32  Siege Tank  
  77  6:33  Marine, SCV  
  77  6:38  SCV  
  78  6:40  Marine  
  78  6:41  SCV  
  78  6:44  Marine  
  78  6:45  SCV  
  78  6:47  Marine  
  79  6:49  Terran Infantry Weapons Level 1  
  79  6:50  Marine, SCV  
  81  6:54  SCV  
  81  6:56  Marine, Barracks  
  81  6:57  Barracks  
  81  6:58  SCV  
  81  6:59  Marine  
  85  7:02  SCV  
  85  7:03  Supply Depot  
  85  7:06  SCV, Refinery  
  85  7:08  Siege Tank  
  90  7:09  Marine  
  90  7:11  SCV  
  90  7:14  Marine, Supply Depot  
  90  7:15  Marine  
  94  7:16  SCV  
  94  7:20  Terran Infantry Armor Level 1  
  94  7:21  Marine  
  96  7:23  Marine  
  96  7:25  SCV  
  96  7:28  Marine  
  96  7:29  SCV  
  100  7:33  SCV, Supply Depot  
  100  7:36  Armory  
  101  7:38  Marine  
  101  7:39  Marine  
  101  7:40  SCV  
  101  7:41  Marauder, Medivac  
  108  7:44  Marine, Supply Depot  
  108  7:46  Barracks Reactor  
  108  7:47  SCV  
  108  7:50  SCV, Barracks Reactor  
  111  7:51  Marine  
  111  7:52  Refinery x2  
  111  7:53  SCV  
  111  7:54  Supply Depot  
  111  7:56  Marine  
  114  7:59  SCV  
  114  8:01  Marine, Factory  
  114  8:02  Marine  
  114  8:06  Marine, Supply Depot  
  114  8:09  Marine, SCV x2  
  117  8:14  Marine  
  117  8:15  Siege Tank  
  117  8:17  SCV  
  117  8:18  Supply Depot  
  117  8:19  Marine  
  122  8:20  Marine  
  122  8:21  SCV  
  122  8:22  SCV  
  122  8:24  Marine  
  124  8:29  Medivac x2  
  124  8:30  Marine x4  
  124  8:31  Marine  
  124  8:32  Marine  
  133  8:36  Supply Depot  
  133  8:38  Terran Vehicle Weapons Level 1  
  133  8:39  SCV  
  133  8:45  Marine x2, Marauder  
  136  8:49  Terran Infantry Weapons Level 2  
  136  8:55  Factory Tech Lab  
  136  8:59  Marine x2  
  136  9:00  Marine  
  136  9:01  Marine  
  140  9:04  Command Center, Siege Tank  
  140  9:08  Supply Depot  
  140  9:09  Medivac  
  145  9:11  Concussive Shells  
  145  9:13  Supply Depot  
  145  9:15  Marauder, Terran Infantry Armor Level 2  
  145  9:16  Marine  
  147  9:20  Marine x2  
  147  9:23  Marine  
  153  9:24  Marine x2, Siege Tank  
  153  9:25  Marine  
  156  9:32  Barracks  
  156  9:36  Barracks  
  156  9:38  Barracks  
  156  9:39  Siege Tank  
  156  9:40  SCV  
  156  9:42  Supply Depot  
  156  9:49  Viking x2  
  156  9:51  Marine x2, Supply Depot  
  156  9:52  Marine x2  
  164  9:53  Marine  
  164  9:55  Supply Depot  
  164  9:56  Marine  
  164  9:59  Marine, Siege Tank  
  165  10:04  Marine  
  162  10:09  Marine x2  
  162  10:12  Marine x2  
  162  10:13  Marine x2  
  168  10:17  Ghost Academy  
  165  10:24  Siege Tank  
  165  10:25  Barracks Tech Lab  
  165  10:26  Barracks Tech Lab  
  165  10:28  Marine x3  
  168  10:29  Barracks Tech Lab  
  168  10:30  SCV x2  
  168  10:31  Marine, SCV, Siege Tank  
  168  10:32  Marine  
  168  10:34  Marine x2  
  168  10:35  Medivac  
  175  10:36  Medivac  
  175  10:42  SCV, Missile Turret  
  177  10:43  SCV  
  177  10:47  Ghost, SCV  
  181  10:53  Marine x3  
  181  10:54  Marine, Refinery  
  181  10:55  Refinery  
  181  10:56  Siege Tank  
  181  10:57  Planetary Fortress  
  188  11:04  SCV, Sensor Tower  
  188  11:05  Missile Turret  
  188  11:08  Ghost, Marine  
Show
View Real Time Build Order
Export as new Build Order

Serral Zerg 

Build Orders: Hatch First 

Get SALT Encoding   

  12  0:00  Drone  
  13  0:08  Drone  
  14  0:14  Extractor, Drone  
  15  0:36  Hatchery  
  15  0:41  Extractor, Drone  
  15  0:47  Overlord  
  15  1:02  Spawning Pool  
  14  1:06  Drone  
  14  1:09  Drone  
  16  1:13  Drone  
  16  1:17  Drone  
  18  1:27  Extractor, Drone  
  18  1:38  Drone  
  19  1:48  Queen x2  
  19  1:49  Zergling x2  
  19  1:50  Drone  
  25  1:59  Overlord, Drone  
  26  2:10  Drone x2  
  28  2:23  Spore Crawler  
  28  2:24  Drone x2  
  28  2:26  Queen  
  31  2:30  Queen  
  31  2:33  Overlord  
  34  2:38  Drone  
  34  2:42  Drone  
  34  2:44  Overlord  
  36  2:53  Drone  
  36  2:54  Drone  
  36  2:57  Drone  
  39  2:59  Drone x4  
  39  3:01  Drone  
  44  3:07  Lair  
  44  3:10  Drone  
  44  3:11  Drone  
  46  3:20  Roach Warren  
  46  3:24  Drone x2  
  46  3:25  Extractor  
  46  3:26  Extractor  
  45  3:29  Drone x3  
  45  3:30  Drone  
  45  3:33  Drone  
  45  3:34  Drone  
  51  3:39  Overlord  
  51  3:41  Overlord  
  51  3:56  Overlord  
  51  3:59  Extractor  
  51  4:02  Roach x4  
  58  4:07  Extractor, Glial Reconstitution  
  58  4:09  Overseer  
  58  4:10  Roach x2  
  58  4:11  Roach  
  58  4:14  Overlord  
  64  4:21  Roach x3  
  71  4:35  Drone  
  71  4:37  Roach x6  
  83  4:48  Drone  
  83  4:52  Overlord x2  
  83  4:54  Overlord  
  83  4:58  Hatchery  
  83  4:59  Ravager x2  
  84  5:11  Roach x4  
  92  5:16  Overlord  
  92  5:20  Roach x2  
  96  5:28  Overseer  
  96  5:30  Roach  
  96  5:31  Roach  
  96  5:33  Overlord  
  96  5:34  Overlord  
  100  5:35  Ravager  
  101  5:44  Roach x3  
  101  5:48  Roach  
  100  5:52  Roach  
  100  5:54  Roach  
  92  5:57  Roach  
  92  6:00  Roach  
  92  6:04  Roach  
  91  6:08  Drone  
  91  6:09  Drone  
  91  6:11  Drone  
  90  6:12  Drone  
  90  6:13  Ravager  
  87  6:20  Drone  
  87  6:21  Drone  
  87  6:23  Drone  
  87  6:24  Ravager  
  83  6:29  Queen  
  83  6:31  Drone x6  
  91  6:34  Evolution Chamber, Drone x2  
  91  6:35  Evolution Chamber  
  91  6:36  Drone  
  69  6:48  Roach x3  
  69  6:53  Roach  
  69  6:54  Extractor, Roach  
  71  6:57  Roach  
  71  7:00  Roach x6  
  87  7:05  Queen  
  89  7:09  Extractor  
  89  7:15  Drone x4  
  92  7:22  Zerg Ground Armor Level 1  
  92  7:23  Drone x2  
  92  7:26  Drone  
  92  7:28  Ravager, Drone x2  
  96  7:30  Drone x3  
  96  7:31  Drone  
  96  7:34  Drone x2  
  96  7:35  Extractor  
  96  7:36  Infestation Pit  
  100  7:41  Overlord  
  100  7:44  Drone x2  
  102  7:47  Overlord  
  102  7:49  Overlord  
  102  7:52  Roach  
  102  7:53  Zerg Missile Weapons Level 1  
  104  7:58  Overlord  
  104  7:59  Roach x2  
  104  8:04  Roach  
  110  8:08  Drone  
  110  8:10  Roach x4  
  110  8:12  Overlord  
  118  8:17  Infestor x2  
  122  8:20  Roach x3  
  128  8:30  Roach x2  
  130  8:35  Overlord x2  
  130  8:36  Roach x5  
  130  8:38  Hatchery  
  139  8:43  Evolution Chamber  
  139  8:45  Hatchery  
  139  8:47  Roach x5  
  149  8:50  Overlord  
  149  8:51  Ravager  
  149  8:52  Metabolic Boost  
  150  8:57  Roach  
  150  8:58  Roach x2  
  156  9:10  Hive  
  156  9:16  Roach x5  
  166  9:23  Hydralisk Den, Overlord  
  165  9:31  Zergling x10  
  170  9:37  Drone  
  171  9:40  Drone x2  
  173  9:45  Zergling x2  
  173  9:46  Extractor, Zergling x6  
  173  9:49  Extractor, Drone  
  173  9:50  Drone x3  
  177  9:55  Grooved Spines  
  177  9:59  Hydralisk x4  
  158  10:09  Hydralisk x4  
  158  10:13  Drone  
  166  10:17  Drone  
  163  10:25  Hydralisk  
  163  10:26  Hydralisk x2  
  163  10:27  Roach x4  
  177  10:30  Drone x3  
  179  10:38  Lurker Den  
  179  10:40  Queen  
  180  10:44  Overlord  
  180  10:48  Ravager x2  
  182  10:53  Viper, Spore Crawler  
  182  10:55  Overlord  
  185  11:03  Viper  
  187  11:09  Roach x2, Zergling x20  
  169  11:18  Drone x2  
Tags
 
Add a new tag
Caveats
  • Supply blocks, unpowered buildings, or Contaminate may cause inaccurate times.
  • Supply counts are checked every 10 seconds.